 Dungeon Crawl Stone Soup version 0.21.1-1-g345015f (webtiles) character file.

1541 Inchmeat the Carver (level 8, -2/59 HPs)
             Began as a Barachi Monk on June 20, 2018.
             Was a Priest of Elyvilon.
             Slain by a wight
             ... wielding a +0 halberd
              (3 damage)
             ... on level 5 of the Dungeon.
             The game lasted 00:11:36 (7465 turns).

Inchmeat the Carver (Barachi Monk)                  Turns: 7465, Time: 00:11:36

Health: -2/59      AC: 12    Str: 14    XL:     8   Next: 86%
Magic:  0/8        EV:  9    Int: 11    God:    Elyvilon [***...]
Gold:   220        SH:  0    Dex: 15    Spells: 6/7 levels left

rFire    + + .     SeeInvis .   b - -1 falchion
rCold    + . .     Gourm    .   (no shield)
rNeg     . . .     Faith    .   q - +0 scale mail
rPois    .         Spirit   +   (helmet restricted)
rElec    .         Reflect  .   i - scarf {rC+ rF+}
rCorr    .         Harm     .   t - +1 pair of gloves
MR       .....                  r - +1 pair of boots
Stlth    ..........             p - amulet of guardian spirit
HPRegen  0.19/turn              d - ring of protection from fire
MPRegen  0.11/turn              (no ring)

@: lethally poisoned (-2 -> -4), about to teleport, can't hop, heavily drained,
slow
A: +LOS, swims, antennae 1, molten scales 1, slowness 1, strong legs 1
a: Hop, Lesser Healing, Heal Other, Purification, Divine Protection, Renounce
Religion


You were on level 5 of the Dungeon.
You worshipped Elyvilon.
Elyvilon was most pleased with you.
You were very hungry.

You visited 1 branch of the dungeon, and saw 6 of its levels.

You collected 220 gold pieces.

Inventory:

Hand Weapons
 a - a +0 falchion
 b - a -1 falchion (weapon)
 w - a +1 halberd of protection
Missiles
 u - 5 javelins (quivered)
Armour
 i - a scarf of resistance (worn)
 q - a +0 scale mail (worn)
 r - a +1 pair of boots (worn)
 t - a +1 pair of gloves (worn)
Jewellery
 d - a ring of protection from fire (left hand)
 j - an uncursed amulet of harm {unknown}
 m - a +3 ring of protection {unknown}
 p - an amulet of guardian spirit (around neck)
 s - an uncursed amulet of faith {unknown}
Wands
 n - a wand of paralysis (14)
 o - a wand of digging (11)
Scrolls
 g - 3 scrolls of identify {@r1}
 k - 2 scrolls of teleportation
 l - 3 scrolls of enchant armour
 x - a scroll of fog
Potions
 e - 2 potions of flight
 h - a potion of heal wounds
Books
 f - a book of Cantrips

   Spells                             Type                      Level
   a - Confusing Touch                Hexes                        1
   b - Animate Skeleton               Necromancy                   1
   c - Summon Small Mammal            Summoning                    1
   d - Apportation                    Translocation                1
Comestibles
 c - 6 rations


   Skills:
 - Level 3.6(1.7) Fighting
 + Level 12.9(10.5) Long Blades
 - Level 3.2(1.4) Dodging
 - Level 1.7(0.0) Stealth


You had 6 spell levels left.
You knew the following spells:

 Your Spells              Type           Power        Failure   Level  Hunger
a - Apportation           Tloc           #.....       85%         1    ##.....


Dungeon Overview and Level Annotations

Branches:
Dungeon (6/15)
 Temple: D:4-7

Altars:
Dithmenos
Elyvilon
Hepliaklqana
Kikubaaqudgha
Makhleb
Nemelex Xobeh
Trog
The Shining One


Innate Abilities, Weirdness & Mutations

Shadows flee at your approach. (+LOS)
You can swim through water.
You cover ground slowly.
You can hop short distances.
You have a pair of small antennae on your head.
You are partially covered in molten scales. (AC +2)


Message History

* * * LOW HITPOINT WARNIN'
* * * Tha wight barely misses ye.
Ye dinnae haf enough magic at tha momn't.
Unknown command.
Hop ta where?
Press: ? - help, Dir - move target cursor Boin'!
Ye feel sick.
Tha wight hits ye from afar wit' an enchanted trident.
* * * LOW HITPOINT WARNIN'
* * * Ye feel drain'd.
* * * LOW HITPOINT WARNIN'
* * * Tha wight barely misses ye. x2; Ye riposte.
Ye hit tha wight but do nay damage.
As ye read tha scroll o' teleportation, it crumbles ta dust.
Ye feel strangely unst'ble.
Tha wight closely misses ye.
Tha wight hits ye but does nay damage.
Ye feel sick.
Tha wight hits ye from afar wit' a halberd!
* * * LOW HITPOINT WARNIN'
* * * Ye feel drain'd.
Ye die...

#.........#...###[..#
############.........########'##
.........................'.....#
...........[.............#.....#
.........................#.....#
.........................#.....#
.........................#.....#
############.....#########.....#
#....@# #......# #.....#
#......# #...zz# #......#
#...za# #......# #.....#
#......# #.....# ########
#######


You could see a worker ant and 3 wights.

Vanquished Creatures
  The ghost of Tonbert the Chiller, an amateur DgIE (D:4)
  A sky beast (D:5)
  3 ogres
  A centaur (D:5)
  A howler monkey (D:5)
  2 crimson imps (D:5)
  2 hounds (D:4)
  5 orc priests
  A jelly (D:5)
  A bullfrog skeleton (D:4)
  6 orc wizards
  An iguana (D:5)
  Natasha (thrice) (D:2)
  3 worker ants
  Terence (D:2)
  A hound skeleton (D:4)
  4 gnolls (D:3)
  8 adders
  An adder skeleton (D:4)
  3 worms
  3 dart slugs
  A leopard gecko (D:5)
  24 orcs
  4 giant cockroaches
  5 goblins
  8 hobgoblins
  10 kobolds
  5 quokkas
  11 bats
  6 frilled lizards
  2 jackal zombies (D:5)
  A quokka zombie (D:5)
  10 rats
139 creatures vanquished.

Notes
Turn   | Place    | Note
-------+----------+-------------------------------------------
     0 | D:1      | Inchmeat the Barachi Monk began the quest for the Orb.
     0 | D:1      | Reached XP level 1. HP: 18/18 MP: 1/1
   202 | D:1      | Reached skill level 4 in Long Blades
   222 | D:1      | Reached XP level 2. HP: 14/24 MP: 2/2
  1166 | D:2      | Found a bloodstained altar of Trog.
  1173 | D:2      | Reached XP level 3. HP: 27/29 MP: 3/3
  1175 | D:2      | Found a shadowy altar of Dithmenos.
  1176 | D:2      | Found a hazy altar of Hepliaklqana.
  1198 | D:2      | Found a burning altar of Makhleb.
  1212 | D:2      | Reached skill level 5 in Long Blades
  1222 | D:2      | Noticed Natasha
  1233 | D:2      | Killed Natasha
  1233 | D:2      | Reached XP level 4. HP: 12/36 MP: 4/4
  1236 | D:2      | Noticed Natasha
  1254 | D:2      | Killed Natasha
  1254 | D:2      | Reached skill level 6 in Long Blades
  1396 | D:2      | Noticed Natasha
  1402 | D:2      | Killed Natasha
  1402 | D:2      | Reached XP level 5. HP: 12/41 MP: 5/5
  1750 | D:2      | Noticed Terence
  1789 | D:2      | Killed Terence
  1789 | D:2      | Reached skill level 7 in Long Blades
  2230 | D:2      | Found a white marble altar of Elyvilon.
  2352 | D:2      | Became a worshipper of Elyvilon the Healer
  2352 | D:2      | Reached * piety under Elyvilon
  2352 | D:2      | Reached ** piety under Elyvilon
  2605 | D:3      | Reached skill level 8 in Long Blades
  2605 | D:3      | Reached XP level 6. HP: 24/47 MP: 4/6
  3621 | D:4      | Reached skill level 9 in Long Blades
  3733 | D:4      | Reached *** piety under Elyvilon
  3748 | D:4      | Found a sparkling altar of Nemelex Xobeh.
  3756 | D:4      | Found a glowing golden altar of the Shining One.
  3774 | D:4      | Noticed Tonbert's ghost (amateur DgIE)
  3799 | D:4      | Killed Tonbert's ghost
  3799 | D:4      | Reached XP level 7. HP: 35/52 MP: 5/7
  3978 | D:4      | Reached skill level 10 in Long Blades
  4137 | D:4      | Gained mutation: You are partially covered in molten scales. (AC +2) [potion of mutation]
  4137 | D:4      | Gained mutation: You have a pair of small antennae on your head. [potion of mutation]
  4604 | D:5      | Entered Level 5 of the Dungeon
  4699 | D:5      | Found an ancient bone altar of Kikubaaqudgha.
  4756 | D:5      | Reached skill level 11 in Long Blades
  4756 | D:5      | Reached XP level 8. HP: 59/59 MP: 5/8
  5650 | D:5      | Reached skill level 12 in Long Blades
  6660 | D:6      | Learned a level 1 spell: Apportation
  7465 | D:5      | HP: 1/59 [wight/halberd (8)]
  7465 | D:5      | Slain by a wight

Skill      XL: |  1  2  3  4  5  6  7  8 |
---------------+-------------------------+-----
Long Blades    | 4 5 6 8 9 11 12 | 12.9
Fighting       | |  3.6
Dodging        | |  3.2
Stealth        | |  1.7

Action                   |  1- 3 |  4- 6 |  7- 9 || total
-------------------------+-------+-------+-------++-------
Melee: Falchion          |    56 |   296 |   326 ||   678
Throw: Javelin           |       |       |     5 ||     5
Invok: Lesser Healing    |       |       |     8 ||     8
       Purification      |       |       |     1 ||     1
 Abil: Hop               |       |     1 |     5 ||     6
  Use: Potion            |       |     2 |     7 ||     9
       Scroll            |       |       |    10 ||    10
 Stab: Sleeping          |     6 |       |       ||     6
  Eat: Chunk             |     1 |     9 |     4 ||    14
       Ration            |       |       |     3 ||     3
Armor: Robe              |     4 |       |       ||     4
       Ring mail         |    15 |    21 |       ||    36
       Scale mail        |       |   106 |   161 ||   267
       Skin              |       |       |     5 ||     5
Dodge: Dodged            |    31 |   166 |   160 ||   357
       Rpst.: Falchion   |    13 |    54 |    46 ||   113
